 Dungeon Crawl Stone Soup version 0.18-a0-373-gaf408bd (webtiles) character file.

954 FishmanTm the Insei (level 8, -1/64 HPs)
             Began as a Merfolk Transmuter on Nov 29, 2015.
             Succumbed to poison (a potion of poison)
             ... on level 5 of the Dungeon.
             The game lasted 00:15:26 (5113 turns).

FishmanTm the Insei (Merfolk Transmuter)            Turns: 5113, Time: 00:15:27

Health: -1/64      AC:  2    Str:  7 (10) XL:     8   Next: 14%
Magic:  10/11      EV: 21    Int: 19      God:
Gold:   236        SH:  0    Dex: 20      Spells: 3 memorised, 5 levels left

rFire  . . .     SeeInvis .       - Unarmed
rCold  . . .     Clarity  .     (armour currently unavailable)
rNeg   . . .     SustAt   .     (shield currently unavailable)
rPois  x         Gourm    .     (helmet currently unavailable)
rElec  .         Spirit   .     (cloak currently unavailable)
rCorr  .         Warding  .     (gloves currently unavailable)
rMut   .         Stasis   .     (boots currently unavailable)
MR     +....                    (no amulet)
Stlth  ++........               (no ring)
                                o - ring of protection from magic

@: brilliant, lethally poisoned (-1 -> -33), spider-form (expiring), somewhat
resistant to hostile enchantments, unstealthy
A: (change form in water), (swift swim)
a: End Transformation


You were on level 5 of the Dungeon.
You were not hungry.
You were a venomous arachnid creature.
You visited 1 branch of the dungeon, and saw 5 of its levels.

You collected 236 gold pieces.

Inventory:

Missiles
 a - 42 arrows
 e - 8 arrows of flame
 q - 3 arrows of frost
Armour
 b - a +0 robe (melded)
 h - a +0 pair of boots (melded)
 v - a +0 pair of gloves (melded)
Jewellery
 o - a ring of protection from magic (left front leg)
Wands
 y - a wand of fire (4)
Scrolls
 g - 2 scrolls of remove curse
 j - a scroll of fear {unknown}
 n - a scroll of amnesia {unknown}
 p - a scroll of recharging
 s - 2 scrolls of immolation
 x - 2 scrolls of enchant weapon {unknown}
 C - a scroll of blinking {unknown}
Potions
 f - a potion of degeneration
 i - a potion of brilliance
 l - a potion of might {unknown}
 m - a potion of agility {unknown}
 r - a potion of curing
 t - a potion of poison
 u - a potion of cancellation {unknown}
 w - a potion of lignification {unknown}
 B - a potion of berserk rage {unknown}
Books
 c - a book of Changes

   Spells                             Type                      Level
   a - Beastly Appendage              Transmutation                1
   b - Sticks to Snakes               Transmutation                2
   c - Spider Form                    Transmutation/Poison         3
   d - Ice Form                       Ice/Transmutation            4
   e - Blade Hands                    Transmutation                5
Comestibles
 d - 3 bread rations
 k - a chunk of flesh
 z - a meat ration
 A - a fruit


   Skills:
 + Level 5.7 Fighting
 - Level 2.6 Dodging
 - Level 1.3 Stealth
 - Level 7.8 Unarmed Combat
 - Level 2.0 Spellcasting
 - Level 5.2 Transmutations


You had 5 spell levels left.
You knew the following spells:

 Your Spells              Type           Power        Failure   Level  Hunger
a - Beastly Appendage     Trmt           ####..       1%          1    #......
b - Sticks to Snakes      Trmt           ####....     1%          2    ###....
c - Spider Form           Trmt/Pois      ###.......   4%          3    ###....


Dungeon Overview and Level Annotations

Branches:
Dungeon (5/15)             Temple (0/1) D:4

Altars:
Makhleb
Okawaru
Sif Muna
Trog
Vehumet
Yredelemnul
Zin

Annotations:
D:5 Pikel


Message History

The water moccasin is almost dead.
You kill the water moccasin!
The slave hits you!
* * * LOW HITPOINT WARNING * * *
Unknown command.
You bite the ooze!
The ooze is heavily wounded.
The ooze hits you.
* * * LOW HITPOINT WARNING * * *
The slave misses you.
Unknown command.
Unknown command.
You bite the ooze!
You kill the ooze!
Unknown command.
Drink which item? (? for menu, Esc to quit)
It was a potion of poison.
That liquid tasted very nasty...
You are lethally poisoned!
You die...

## #. .# ##. ##. #..
#.. #.#####.# #.#
#.......# #######.#
######.....
#....##p###.......#..
#...sp.g.....#...###.
#....#K..............
#######p.......#.).).
.../..........##.._..
.....#..###....#.).).
.....#..# ##.........
... ..... #.#...###.
## ...... #......#..
#....#...##...#.....


You could see Pikel, 3 slaves and a hobgoblin.

Vanquished Creatures
  An orc warrior (D:3)
  A water moccasin (D:5)
  A centaur (D:5)
  An ogre (D:5)
  Blork the orc (D:4)
  A scorpion (D:5)
  A crimson imp (D:5)
  An orc wizard (D:4)
  An orc priest (D:4)
  Terence (D:2)
  Natasha (thrice) (D:4)
  4 worker ants
  A hound skeleton (D:4)
  4 gnolls
  4 adders (D:3)
  2 oozes
  5 worms
  4 giant geckos
  13 orcs
  6 bats
  4 giant cockroaches
  10 goblins
  8 hobgoblins
  11 jackals
  10 kobolds
  2 quokkas
  A ball python (D:3)
  10 giant newts
  A quokka skeleton (D:4)
  5 rats
118 creatures vanquished.

Vanquished Creatures (collateral kills)
  A hobgoblin (D:3)
  A giant cockroach (D:1)
2 creatures vanquished.

Grand Total: 120 creatures vanquished

Notes
Turn   | Place    | Note
--------------------------------------------------------------
     0 | D:1      | FishmanTm the Merfolk Transmuter began the quest for the Orb.
     0 | D:1      | Reached XP level 1. HP: 15/15 MP: 3/3
   441 | D:1      | Reached XP level 2. HP: 21/21 MP: 3/5
   445 | D:1      | Learned a level 2 spell: Sticks to Snakes
   555 | D:1      | Reached skill level 4 in Unarmed Combat
   785 | D:1      | Reached XP level 3. HP: 19/26 MP: 0/6
   794 | D:1      | Learned a level 3 spell: Spider Form
  1332 | D:2      | Noticed Terence
  1338 | D:2      | Killed Terence
  1338 | D:2      | Reached skill level 5 in Unarmed Combat
  1338 | D:2      | Reached XP level 4. HP: 20/32 MP: 3/7
  1522 | D:2      | Found a glowing silver altar of Zin.
  1621 | D:2      | Found a bloodstained altar of Trog.
  1634 | D:2      | Reached skill level 1 in Stealth
  2196 | D:3      | Reached XP level 5. HP: 28/37 MP: 4/8
  2361 | D:3      | Reached skill level 6 in Unarmed Combat
  2677 | D:3      | Found a burning altar of Makhleb.
  3151 | D:3      | Noticed an orc warrior
  3179 | D:3      | Killed an orc warrior
  3179 | D:3      | Reached skill level 7 in Unarmed Combat
  3179 | D:3      | Reached XP level 6. HP: 15/43 MP: 9/9
  3620 | D:4      | Found a basalt altar of Yredelemnul.
  3658 | D:4      | Noticed Natasha
  3672 | D:4      | Killed Natasha
  3962 | D:4      | Noticed Blork the orc
  3968 | D:4      | Killed Blork the orc
  3968 | D:4      | Reached XP level 7. HP: 41/48 MP: 3/10
  3984 | D:4      | Found a staircase to the Ecumenical Temple.
  4056 | D:4      | Noticed Natasha
  4065 | D:4      | Killed Natasha
  4070 | D:4      | Reached skill level 5 in Transmutations
  4090 | D:4      | Noticed Natasha
  4093 | D:4      | Killed Natasha
  4367 | D:5      | Entered Level 5 of the Dungeon
  4660 | D:5      | Found an iron altar of Okawaru.
  4953 | D:5      | Found a deep blue altar of Sif Muna.
  4993 | D:5      | Reached XP level 8. HP: 59/61 MP: 7/11
  5038 | D:5      | Reached skill level 5 in Fighting
  5059 | D:5      | Found a radiant altar of Vehumet.
  5063 | D:5      | Noticed Pikel
  5110 | D:5      | HP: 2/64 [ooze (2)]
  5113 | D:5      | Succumbed to poison (a potion of poison)

Vault maps used:
D:1:      eino_arrival_cavern_a
D:2:      old_standard_altar, first_bread, trog_hazing_becter, uniq_terence
D:3:      bloody_makhleb, minmay_bad_closet, minmay_divided_ellipse
D:4:      minmay_temple_entry_nine_rooms, minmay_misc_feat_iff,
          yredelemnul_altar_generic, uniq_natasha, uniq_blork_the_orc
D:5:      vehumet_altar_wand_db, led_sif_pool, lemuel_round_altar,
          okawaru_ov_weapons_minmay, uniq_pikel

Action                   |  1- 3 |  4- 6 |  7- 9 || total
-------------------------+-------+-------+-------++-------
Melee: Unarmed           |    76 |   180 |    77 ||   333
 Cast: Beastly Appendage |    16 |     2 |       ||    18
       Sticks to Snakes  |     5 |     1 |     1 ||     7
       Spider Form       |     1 |    24 |    12 ||    37
 Abil: End Transformatio |       |     1 |     1 ||     2
  Use: Scroll            |       |     1 |     5 ||     6
       Potion            |       |       |     4 ||     4
 Stab: Sleeping          |       |       |     1 ||     1
  Eat: Chunk             |     2 |    13 |     6 ||    21
